 Dungeon Crawl Stone Soup version 0.31-a0-261-g072fdb8a1f (webtiles) character file.

Game seed: 15764288793973620549

219 qw the Shooter (level 5, -2/32 HPs)
             Began as a Gargoyle Hexslinger on July 13, 2023.
             Killed by divine providence
             ... invoked by an orc priest
              (7 damage)
             ... on level 4 of the Dungeon.
             The game lasted 00:01:28 (2096 turns).

qw the Shooter (Gargoyle Hexslinger)                Turns: 2096, Time: 00:01:29

Health: -2/32      AC: 10    Str: 12    XL:     5   Next: 96%
Magic:  0/6        EV: 11    Int: 13    God:
Gold:   1          SH:  0    Dex: 20    Spells: 5/6 levels left

rFire   . . .        Y - +2 sling
rCold   . . .        (no shield)
rNeg    + . .        f - +0 ring mail
rPois   inf          (no helmet)
rElec   +            j - +0 cloak
rCorr   .            (no gloves)
SInv    .            (no boots)
Will    .....        d - amulet of guardian spirit
Stlth   +            b - +6 ring of dexterity
HPRegen 0.25/turn    (no ring)
MPRegen 0.10/turn

%: guardian spirit
@: no status effects
A: sickness immunity, AC +4, negative energy resistance 1, electricity
resistance, torment resistance 1, petrification resistance
a: no special abilities


You were on level 4 of the Dungeon.
You visited 1 branch of the dungeon, and saw 4 of its levels.

You collected 193 gold pieces.
You spent 192 gold pieces at shops.


Innate Abilities, Weirdness & Mutations

You are immune to sickness and miasma.
Your stone body is resilient. (AC +4)
You are immune to poison.
You resist negative energy. (rN+)
You are resistant to electric shocks. (rElec)
You are resistant to unholy torment.
You are immune to petrification.


   Skills:
 - Level 3.2 Fighting
 + Level 5.0 Ranged Weapons
 - Level 1.0 Armour
 - Level 1.5 Dodging
 - Level 1.0 Spellcasting
 - Level 2.6 Hexes


You had 5 spell levels left.
You knew the following spells:

 Your Spells              Type           Power      Damage    Failure   Level
a - Slow                  Hex            28%        N/A       22%         1

Your spell library contained the following spells:

 Spells                   Type           Power      Damage    Failure   Level
 Inner Flame              Hex/Fire       4%         N/A       73%         3
 Portal Projectile        Hex/Tloc       8%         N/A       73%         3
 Cause Fear               Hex            3%         N/A       91%         4

Inventory:

Hand Weapons
 Y - a +2 sling (weapon)
Armour
 f - a +0 ring mail (worn)
 j - a +0 cloak (worn)
 l - a +1 cloak
Jewellery
 b - a +6 ring of dexterity (left hand)
 d - an amulet of guardian spirit (around neck)
Scrolls
 a - a scroll of identify
Potions
 c - a potion of might {unknown}
 h - a potion of brilliance {unknown}
 i - a potion of cancellation {unknown}
 k - a potion of haste {unknown}

Dungeon Overview and Level Annotations

Branches:
Dungeon (4/15)
 Temple: D:4-7

Altars:

Shops:
D:1 !   D:3 *


Message History

You shoot a sling bullet. The sling bullet hits the orc priest.
The orc priest is moderately wounded.
The orc priest casts a cantrip, but nothing happens.
The orc misses you.
You shoot a sling bullet.
The sling bullet hits the orc priest but does no damage.
The orc priest is moderately wounded.
The orc priest hits you but does no damage.
The orc hits you with a +0 short sword.
You shoot a sling bullet.
The sling bullet hits the orc priest but does no damage.
The orc priest is moderately wounded.
The orc priest hits you with a +0 dagger.
The orc hits you but does no damage.
You shoot a sling bullet. The sling bullet hits the orc priest!
The orc priest is almost dead.
The orc priest hits you with a +0 dagger.
The orc completely misses you.
The orc priest invokes the aid of Beogh against you.
Pain shoots through your body! The orc hits you but does no damage.
You shoot a sling bullet.
The sling bullet hits the orc priest but does no damage.
The orc priest is almost dead.
The orc priest completely misses you. The orc hits you but does no damage.
You shoot a sling bullet.
The sling bullet hits the orc priest but does no damage.
The orc priest is almost dead.
The orc closely misses you.
The orc priest hits you with a +0 dagger.
You shoot a sling bullet.
The sling bullet barely misses the orc priest.
The orc priest mumbles some strange prayers to Beogh against you.
Pain shoots through your body! The orc closely misses you.
You shoot a sling bullet.
The sling bullet barely misses the orc priest.
The orc priest hits you but does no damage.
The orc hits you but does no damage. x2
The orc priest calls down the wrath of Beogh upon you.
Beogh smites you!
You die...

..# #.# ......
### #.# .....
..####.#####....
...........#)...
###.............
###.....#####)##
####....###oo#
##.#..###@#
#.##..##.###
#.###......# ...
##....># ###
#.....# #.....#
#.....# #.....#
#######


You could see an orc priest and an orc.

Vanquished Creatures
  3 orc wizards (D:4)
  6 adders
  5 dart slugs
  8 orcs
  6 ball pythons
  8 bats
  9 endoplasms
  A giant cockroach (D:2)
  3 goblins
  7 hobgoblins
  6 jackals
  2 kobolds
  A quokka (D:1)
  3 frilled lizards (D:1)
  5 rats
73 creatures vanquished.

Notes
Turn   | Place    | Note
-------+----------+-------------------------------------------
     0 | D:1      | qw the Gargoyle Hexslinger began the quest for the Orb.
     0 | D:1      | Reached XP level 1. HP: 12/12 MP: 2/2
     0 | D:1      | 0 ||| qw: Version: 0.3-a-52-g30416fa
     0 | D:1      | 0 ||| qw: Game counter: 7026
     0 | D:1      | 0 ||| qw: Melee chars always use a shield: true
     0 | D:1      | 0 ||| qw: God list: Okawaru
     0 | D:1      | 0 ||| qw: Allow faded altars: false
     0 | D:1      | 0 ||| qw: Do Orc after clearing Dungeon:15 true
     0 | D:1      | 0 ||| qw: Do second Lair branch before Depths: true
     0 | D:1      | 0 ||| qw: Lair rune preference: random
     0 | D:1      | 0 ||| qw: Goals: Normal
     0 | D:1      | 0 ||| PLANNING D:1-11
   179 | D:1      | Reached XP level 2. HP: 16/16 MP: 3/3
   271 | D:1      | Reached skill level 3 in Ranged Weapons
   317 | D:1      | You fall into a shaft and drop 1 floor!
   318 | D:2      | 318 ||| UPGRADING to +0 ring mail.
   328 | D:2      | 328 ||| DROPPING +0 robe.
   329 | D:2      | 329 ||| UPGRADING to amulet of guardian spirit.
   334 | D:2      | 334 ||| READING scroll labelled TAHOM YNYKK.
   335 | D:2      | 335 ||| READING scroll labelled VIOXARCH EMUFFA.
   344 | D:2      | 344 ||| DROPPING scroll of poison.
   345 | D:2      | 345 ||| Stepping randomly (stuck).
   346 | D:2      | 346 ||| Stepping randomly (stuck).
   347 | D:2      | 347 ||| Stepping randomly (stuck).
   348 | D:2      | 348 ||| Stepping randomly (stuck).
   349 | D:2      | 349 ||| Stepping randomly (stuck).
   350 | D:2      | 350 ||| Stepping randomly (stuck).
   351 | D:2      | 351 ||| Stepping randomly (stuck).
   352 | D:2      | 352 ||| Stepping randomly (stuck).
   353 | D:2      | 353 ||| Stepping randomly (stuck).
   354 | D:2      | 354 ||| Stepping randomly (stuck).
   355 | D:2      | 355 ||| Stepping randomly (stuck).
   356 | D:2      | 356 ||| Stepping randomly (stuck).
   357 | D:2      | 357 ||| Stepping randomly (stuck).
   358 | D:2      | 358 ||| Stepping randomly (stuck).
   359 | D:2      | 359 ||| Stepping randomly (stuck).
   360 | D:2      | 360 ||| Stepping randomly (stuck).
   361 | D:2      | 361 ||| Stepping randomly (stuck).
   362 | D:2      | 362 ||| Stepping randomly (stuck).
   363 | D:2      | 363 ||| Stepping randomly (stuck).
   364 | D:2      | 364 ||| Stepping randomly (stuck).
   365 | D:2      | 365 ||| Stepping randomly (stuck).
   366 | D:2      | 366 ||| Stepping randomly (stuck).
   367 | D:2      | 367 ||| Stepping randomly (stuck).
   368 | D:2      | 368 ||| Stepping randomly (stuck).
   369 | D:2      | 369 ||| Stepping randomly (stuck).
   370 | D:2      | 370 ||| Stepping randomly (stuck).
   371 | D:2      | 371 ||| Stepping randomly (stuck).
   372 | D:2      | 372 ||| Stepping randomly (stuck).
   373 | D:2      | 373 ||| Stepping randomly (stuck).
   374 | D:2      | 374 ||| Stepping randomly (stuck).
   375 | D:2      | 375 ||| Stepping randomly (stuck).
   376 | D:2      | 376 ||| Stepping randomly (stuck).
   377 | D:2      | 377 ||| Stepping randomly (stuck).
   378 | D:2      | 378 ||| Stepping randomly (stuck).
   379 | D:2      | 379 ||| Stepping randomly (stuck).
   380 | D:2      | 380 ||| Stepping randomly (stuck).
   381 | D:2      | 381 ||| Stepping randomly (stuck).
   382 | D:2      | 382 ||| Stepping randomly (stuck).
   383 | D:2      | 383 ||| Stepping randomly (stuck).
   384 | D:2      | 384 ||| Stepping randomly (stuck).
   385 | D:2      | 385 ||| Stepping randomly (stuck).
   386 | D:2      | 386 ||| Stepping randomly (stuck).
   387 | D:2      | 387 ||| Stepping randomly (stuck).
   388 | D:2      | 388 ||| Stepping randomly (stuck).
   389 | D:2      | 389 ||| Stepping randomly (stuck).
   390 | D:2      | 390 ||| Stepping randomly (stuck).
   391 | D:2      | 391 ||| Stepping randomly (stuck).
   461 | D:2      | Reached XP level 3. HP: 21/21 MP: 4/4
   514 | D:2      | 514 ||| UPGRADING to +6 ring of dexterity.
   842 | D:1      | Found Zuucwer's Distillery.
   852 | D:1      | 852 ||| BUYING potion of curing (36 gold).
   852 | D:1      | Bought a potion of curing for 36 gold pieces
   852 | D:1      | 852 ||| BUYING potion of curing (36 gold).
   852 | D:1      | Bought a potion of curing for 36 gold pieces
   852 | D:1      | 852 ||| SHOPLISTING potion of heal wounds (60 gold, have
                  | 5).
   852 | D:1      | 852 ||| SHOPLISTING potion of might (48 gold, have 5).
   912 | D:1      | 912 ||| READING scroll labelled MEUPAWKIWEAK.
  1001 | D:2      | Found a faded altar of an unknown god.
  1001 | D:2      | Noticed an eye of devastation
  1006 | D:2      | Noticed an eye of devastation
  1031 | D:2      | Noticed a golden eye
  1035 | D:2      | Noticed a floating eye
  1281 | D:2      | 1281 ||| READING 2 scrolls of identify.
  1281 | D:2      | 1281 ||| IDENTIFYING black potion
  1323 | D:3      | Reached XP level 4. HP: 22/26 MP: 3/5
  1358 | D:3      | Reached skill level 4 in Ranged Weapons
  1373 | D:3      | 1373 ||| FLEEEEING.
  1374 | D:3      | 1374 ||| FLEEEEING.
  1375 | D:3      | 1375 ||| FLEEEEING.
  1376 | D:3      | 1376 ||| FLEEEEING.
  1377 | D:3      | 1377 ||| FLEEEEING.
  1378 | D:3      | 1378 ||| FLEEEEING.
  1379 | D:3      | 1379 ||| FLEEEEING.
  1446 | D:3      | Reached skill level 1 in Armour
  1662 | D:3      | Reached XP level 5. HP: 30/30 MP: 6/6
  1731 | D:3      | 1731 ||| FLEEEEING.
  1732 | D:3      | 1732 ||| FLEEEEING.
  1734 | D:3      | 1734 ||| FLEEEEING.
  1737 | D:3      | 1737 ||| FLEEEEING.
  1821 | D:3      | Found Nawyatoh's General Store.
  1830 | D:3      | 1830 ||| BUYING +0 cloak (45 gold).
  1830 | D:3      | Bought a +0 cloak for 45 gold pieces
  1830 | D:3      | 1830 ||| SHOPLISTING +6 ring of strength (360 gold, have
                  | 76).
  1830 | D:3      | 1830 ||| BUYING scroll of enchant weapon (75 gold).
  1830 | D:3      | Bought a scroll of enchant weapon for 75 gold pieces
  1830 | D:3      | 1830 ||| SHOPLISTING scroll of teleportation (30 gold, have
                  | 1).
  1830 | D:3      | 1830 ||| READING scroll of enchant weapon.
  1830 | D:3      | 1830 ||| ENCHANTING +1 sling.
  1954 | D:3      | 1954 ||| UPGRADING to +0 cloak.
  2046 | D:4      | Reached skill level 5 in Ranged Weapons
  2046 | D:4      | 2046 ||| DRINKING 3 potions of curing.
  2046 | D:4      | 2046 ||| (to cure confusion)
  2047 | D:4      | 2047 ||| DRINKING 2 potions of curing.
  2047 | D:4      | 2047 ||| (to cure confusion)
  2056 | D:4      | HP: 7/30 [something (2)]
  2056 | D:4      | HP: 3/30 [something (4)]
  2057 | D:4      | 2057 ||| DRINKING potion of heal wounds.
  2068 | D:4      | 2068 ||| DRINKING potion of curing.
  2068 | D:4      | 2068 ||| (to cure confusion)
  2087 | D:4      | Reached skill level 3 in Fighting
  2092 | D:4      | HP: 8/32 [orc priest/nerve-wracking pain (3)]
  2096 | D:4      | Killed from afar by an orc priest

Levels and vault maps discovered:
D:1:      minmay_arrival_solitary_statue, layout_loops_ring, serial_shops, shop,
          corner_web_ring, chequers_decorated_corner
D:2:      layout_basic, hellmonk_ecumenical_altar_watching_god
D:3:      layout_loops_ring, serial_shops, shop, hangedman_decor_clover_reticule
D:4:      layout_rooms, mainiacjoe_overflow_boulevard, kennysheep_mini,
          serial_shops, shop

Skill      XL: |  1  2  3  4  5 |
---------------+----------------+-----
Ranged Weapons | 3 4 5 |  5.0
Fighting       | 2 3 |  3.2
Armour         | 1 |  1.0
Dodging        | |  1.5
Spellcasting   | |  1.0
Hexes          | |  2.6

Action                     |  1- 3 |  4- 6 || total
---------------------------+-------+-------++-------
   Fire: Sling             |   126 |   147 ||   273
    Use: Scroll            |     4 |     1 ||     5
         Potion            |       |     4 ||     4
 Armour: Robe              |     6 |       ||     6
         Ring mail         |    23 |    86 ||   109
  Dodge: Dodged            |    62 |    68 ||   130

Table legend:
 A = Non-vault XP
 B = Vault XP
 C = Vault XP percentage of total XP
 D = Non-vault monster count
 E = Vault monster count
 F = Vault count percentage of total count
                 A         B        C        D         E       F
            +---------+---------+-------+---------+---------+-------
      Total |     313 |       0 |   0.0 |      73 |       0 |   0.0
            +---------+---------+-------+---------+---------+-------
        D:1 |      40 |       0 |   0.0 |      22 |       0 |   0.0
        D:2 |      40 |       0 |   0.0 |      15 |       0 |   0.0
        D:3 |     102 |       0 |   0.0 |      22 |       0 |   0.0
        D:4 |     131 |       0 |   0.0 |      14 |       0 |   0.0
            +---------+---------+-------+---------+---------+-------
